 Seeded DCSS version 0.29-a0-563-g64e4043184 (webtiles) character file.

Game seed: 20220606 (custom seed)

38 nrs142 the Chopper (level 3, -5/33 HPs)
             Began as a Hill Orc Monk on June 11, 2022.
             Slain by a worm (8 damage)
             ... on level 2 of the Dungeon.
             The game lasted 00:01:24 (1493 turns).

nrs142 the Chopper (Hill Orc Monk)                  Turns: 1493, Time: 00:01:24

Health: -5/33      AC:  2    Str: 15    XL:     3   Next: 43%
Magic:  3/3        EV: 12    Int: 10    God:
Gold:   42         SH:  0    Dex: 13    Spells: 2/2 levels left

rFire   . . .      SeeInvis .   a - +0 hand axe
rCold   . . .      Faith    .   (no shield)
rNeg    . . .      Spirit   .   b - +0 robe
rPois   .          Reflect  .   (no helmet)
rElec   .          Harm     .   (no cloak)
rCorr   .          Rampage  .   (no gloves)
Will    .....                   (no boots)
Stlth   ++........              (no amulet)
HPRegen 0.11/turn               (no ring)
MPRegen 0.08/turn               (no ring)

@: no status effects
A: no striking features
a: no special abilities


You were on level 2 of the Dungeon.
You visited 1 branch of the dungeon, and saw 2 of its levels.

You collected 42 gold pieces.

Inventory:

Hand Weapons
 a - a +0 hand axe (weapon)
Armour
 b - a +0 robe (worn)
Jewellery
 e - a ring of ice
Scrolls
 d - 2 scrolls of teleportation {unknown}
 f - a scroll of magic mapping {unknown}
 h - 2 scrolls of identify {unknown}
 i - a scroll of silence {unknown}
Potions
 c - a potion of ambrosia
 g - 2 potions of mutation {unknown}


   Skills:
 + Level 4.0 Fighting
 + Level 4.5 Axes
 + Level 2.8 Dodging
 + Level 2.1 Stealth


You had 2 spell levels left.
You didn't know any spells.
Your spell library was empty.

Dungeon Overview and Level Annotations

Branches:
Dungeon (2/15)

Altars:


Message History

You are too injured to fight recklessly!
You are too injured to fight recklessly!
You see here a jackal corpse.
A kobold comes into view. It is wielding a staff of poison.
The kobold shouts!
The worm barely misses you.
The kobold moves out of view.
You completely miss the worm.
The worm is moderately wounded.
The worm bites you but does no damage.
You see here a jackal corpse.
The worm completely misses you.
You see here a jackal corpse.
The worm barely misses you.
You see here a jackal corpse.
You hit the jackal.
The jackal is severely wounded.
You barely miss the worm. The jackal closely misses you.
The worm closely misses you. The jackal barely misses you.
You completely miss the jackal.
The jackal is severely wounded.
The jackal misses you. The jackal barely misses you.
You hit the jackal.
You kill the jackal!
You hit the kobold.
The kobold is moderately wounded.
The kobold barely misses you.
You slash the kobold!
You kill the kobold!
You slash the worm!
The worm is heavily wounded.
You hit the worm.
The worm is heavily wounded.
The worm closely misses you. The worm bites you. The worm bites you!
* * * LOW HITPOINT WARNING * * *
The worm barely misses you. The worm closely misses you. The worm bites you!
You die...

##..# #...## ###
#....# # ...
#....##.# #
#.####...... #.
#...##....#
#.#####††.....#
#.#...#...##.#..#
#...<.#...†w@#
#...###### #
##.###...# .#
#.......#..#
####....)..#
#.#.###.# #.#.#
#.# #.#.# #.#
#.#.# #.#


You could see a worm.

Vanquished Creatures
  3 dart slugs (D:1)
  A ball python (D:2)
  2 endoplasms (D:1)
  3 hobgoblins
  8 jackals
  3 kobolds
  A quokka (D:1)
  A bat (D:1)
  A frilled lizard (D:1)
  A goblin (D:1)
  5 rats (D:1)
29 creatures vanquished.

Notes
Turn   | Place    | Note
-------+----------+-------------------------------------------
     0 | D:1      | nrs142 the Hill Orc Monk began the quest for the Orb.
     0 | D:1      | Reached XP level 1. HP: 19/19 MP: 1/1
   164 | D:1      | Reached XP level 2. HP: 13/27 MP: 2/2
   928 | D:1      | Reached XP level 3. HP: 15/33 MP: 3/3
  1119 | D:1      | Found a faded altar of an unknown god.
  1493 | D:2      | Slain by a worm

Illustrated notes

Levels and vault maps discovered:
D:1:      dpeg_arrival_rhombi, layout_basic, ebering_ecumenical_altar_hall
D:2:      layout_loops_ring, uniq_sigmund, uniq_terence

Skill      XL: |  1  2 |
---------------+-------+-----
Stealth        | 2 |  2.1
Fighting       | 4 |  4.0
Axes           | |  4.5
Dodging        | |  2.8

Action                   || total
-------------------------++-------
Melee: Hand axe          ||   105
 Stab: Sleeping          ||     2
Armor: Robe              ||    16
Dodge: Dodged            ||    84

Table legend: (Time is in decaauts)
 A = Elapsed time spent in this place.
 B = Non-inter-level travel time spent in this place.
 C = Inter-level travel time spent in this place.
 D = Time resting spent in this place.
 E = Time spent auto-exploring this place.
 F = Levels seen in this place.
 G = Mean time per level.
                   A        B        C        D        E       F      G
               +--------+--------+--------+--------+--------+-----+--------+
         Total |   1501 |   1486 |     15 |      0 |   1243 |   2 |  750.5 |
       Dungeon |   1501 |   1486 |     15 |      0 |   1243 |   2 |  750.5 |
               +--------+--------+--------+--------+--------+-----+--------+

Top non-repeatable levels by time:
     D:1: 1305 daAuts
     D:2: 196 daAuts
